 Dungeon Crawl Stone Soup version 0.30-a0-177-g1cb5dbfd7a (webtiles) character file.

Game seed: 16241182125140172816

3993 ytrimaz the Magician (level 10, -7/79 HPs)
             Began as a Gnoll Warper on Oct 3, 2022.
             Mangled by a two-headed ogre
             ... wielding a +0 giant spiked club
              (30 damage)
             ... on level 8 of the Dungeon.
             The game lasted 00:14:39 (7251 turns).

ytrimaz the Magician (Gnoll Warper)                 Turns: 7251, Time: 00:14:39

Health: -7/79      AC:  8    Str: 13    XL:     10   Next: 23%
Magic:  23/23      EV: 14    Int: 15    God:
Gold:   660        SH:  0    Dex: 11    Spells: 18/23 levels left

rFire   . . .      SeeInvis +    e - +3 hand axe (freeze)
rCold   . . .      Faith    .    (no shield)
rNeg    + . .      Spirit   .    b - +0 leather armour
rPois   .          Reflect  .    (no helmet)
rElec   .          Harm     .    w - +2 cloak
rCorr   .          Rampage  .    s - +0 pair of gloves
Will    .....                    (no boots)
Stlth   +++.......               j - amulet of regeneration
HPRegen 1.13/turn                r - ring of positive energy
MPRegen 0.18/turn                G - ring of see invisible

@: no status effects
A: fangs 1, strong nose, distributed training, claws 1, high MP 1, sense
surroundings 1, MP-powered wands
a: no special abilities


You were on level 8 of the Dungeon.
You visited 2 branches of the dungeon, and saw 9 of its levels.
You also visited: Ossuary.

You collected 660 gold pieces.


Innate Abilities, Weirdness & Mutations

You have very sharp teeth.
Your uncanny sense of smell can sniff out nearby items.
Your experience applies equally to all skills.
You have sharp fingernails.
You have an increased reservoir of magic. (+10% MP)
You passively map a small area around you.
You expend magic power (3 MP) to strengthen your wands.


   Skills:
 + Level 7.1 Fighting
 + Level 5.2 Short Blades
 + Level 5.2 Long Blades
 + Level 7.1 Axes
 + Level 5.2 Maces & Flails
 + Level 5.2 Polearms
 + Level 5.2 Staves
 + Level 5.2 Ranged Weapons
 + Level 5.9 Throwing
 + Level 5.9 Armour
 + Level 7.1 Dodging
 + Level 5.2 Stealth
 + Level 5.2 Shields
 + Level 5.2 Unarmed Combat
 + Level 7.3 Spellcasting
 + Level 4.3 Conjurations
 + Level 4.3 Hexes
 + Level 4.3 Summonings
 + Level 4.3 Necromancy
 + Level 7.1 Translocations
 + Level 4.3 Transmutations
 + Level 4.3 Fire Magic
 + Level 4.3 Ice Magic
 + Level 4.3 Air Magic
 + Level 4.3 Earth Magic
 + Level 4.3 Poison Magic
 + Level 5.8 Invocations
 + Level 5.2 Evocations


You had 18 spell levels left.
You knew the following spells:

 Your Spells              Type           Power      Damage    Failure   Level
a - Beastly Appendage     Tmut           36%        N/A       2%          1
b - Wereblood             Tmut           18%        N/A       4%          2
c - Blink                 Tloc           52%        N/A       1%          2

Your spell library contained the following spells:

 Spells                   Type           Power      Damage    Failure   Level
 Apportation              Tloc           52%        N/A       1%          1
 Sting                    Tmut/Pois      72%        1d6       2%          1
 Momentum Strike          Conj/Tloc      44%        3d9       2%          2
 Gell's Gravitas          Tloc           26%        N/A       2%          3
 Lesser Beckoning         Tloc           26%        N/A       2%          3
 Teleport Other           Tloc           26%        N/A       2%          3
 Cigotuvi's Dreadful Rot  Necr/Pois/Air  36%        N/A       4%          2
 Ensorcelled Hibernation  Hex/Ice        36%        N/A       4%          2
 Passwall                 Tmut/Erth      15%        N/A       4%          2
 Poisonous Vapours        Pois/Air       36%        N/A       4%          2
 Scorch                   Fire           36%        2d6       4%          2
 Portal Projectile        Hex/Tloc       44%        N/A       4%          3
 Spider Form              Tmut/Pois      18%        N/A       8%          3
 Swiftness                Air            18%        N/A       8%          3
 Tukima's Dance           Hex            18%        N/A       8%          3
 Manifold Assault         Tloc           26%        N/A       9%          4
 Dispel Undead            Necr           18%        3d11      26%         4
 Flame Wave               Conj/Fire      18%        2d7       26%         4
 Olgreb's Toxic Radiance  Pois           18%        N/A       26%         4
 Alistair's Intoxication  Tmut/Pois      12%        N/A       58%         5
 Blade Hands              Tmut           9%         N/A       58%         5
 Death Channel            Necr           9%         N/A       99%         6
 Summon Cactus Giant      Summ           9%         N/A       99%         6

Inventory:

Hand Weapons
 a - a +0 hand axe
 e - a +3 hand axe of freezing (weapon)
   (You took it off an orc on level 3 of the Dungeon)
 x - a -3 executioner's axe
   (You found it on level 5 of the Dungeon)
Missiles
 d - 7 boomerangs of dispersal
 h - 2 boomerangs (quivered)
Armour
 b - a +0 leather armour (worn)
 s - a +0 pair of gloves (worn)
   (You found it on level 2 of the Dungeon)
 w - a +2 cloak (worn)
   (You found it on level 6 of the Dungeon)
Jewellery
 j - an amulet of regeneration (around neck)
   (You found it on level 1 of the Dungeon)
 r - a ring of positive energy (left hand)
   (You found it on level 2 of the Dungeon)
 t - an amulet of magic regeneration
   (You found it on level 4 of the Dungeon)
 G - a ring of see invisible (right hand)
   (You found it on level 7 of the Dungeon)
Wands
 k - a wand of iceblast (17)
   (You found it on level 2 of the Dungeon)
 m - a wand of flame (15)
   (You took it off Ijyb on level 3 of the Dungeon)
 q - a wand of charming (15)
   (You found it on level 2 of the Dungeon)
 y - a wand of mindburst (21)
   (You found it on level 5 of the Dungeon)
Scrolls
 c - 2 scrolls of blinking
 f - a scroll of poison
 g - 2 scrolls of enchant weapon
 l - 3 scrolls of fear
 p - 2 scrolls of vulnerability
 u - 3 scrolls of enchant armour
 z - 3 scrolls of teleportation
 B - 3 scrolls of fog
 F - 2 scrolls of identify
Potions
 i - 2 potions of cancellation
 n - 4 potions of heal wounds
 o - 3 potions of brilliance
 v - a potion of magic
 A - a potion of mutation
 C - 2 potions of ambrosia
 D - a potion of might {unknown}
 E - a potion of haste

Dungeon Overview and Level Annotations

Branches:
Dungeon (8/15) Zot: 26971  Temple (1/1) D:5 Zot: 5732 Ossuary (visited)
   Lair: D:8-11

Altars:
Ashenzari
Dithmenos
Elyvilon
Fedhas
Gozag
Hepliaklqana
Kikubaaqudgha
Makhleb
Nemelex Xobeh
Qazlal
Ru
Sif Muna
Trog
Uskayaw
Wu Jian
Xom
Yredelemnul
Zin

Annotations:
D:8 1 runed translucent door, Tollund's ghost, amateur OpTm

, , #. #.#..##..##. , ,
+.. +........... , , ,
,#...#.#........ ,
#...#.#.)....##.
................ ,
#............##. * * *
#................... ,
*## #.........O@<.......
,
#♣8♣#...................
#.W.#.................##
,
.##+##...#..........#..#
, ,,
.......?.+..........+ .#
, .........#....###...#
.. ......<....#.., .....
. ##....##..###., ......
, ...... ## ⌠......* ,


You could see a two-headed ogre.


Message History

You hit the hog. You freeze the hog. You bite the hog.
The hog bites you! 😮 HP[-6]
You take 6 damage, and now have 48/79 hp.
You are too injured to fight recklessly!
You hit the hog. You freeze the hog. You bite the hog, but do no damage.
The hog bites you! 😮 HP[-7]
You take 7 damage, and now have 41/79 hp.
Unknown command.
You completely miss the hog. The hog bites you.
* * * LOW HITPOINT WARNING * * *
You are too injured to fight recklessly! 😨 HP[-2]
You take 2 damage, and now have 39/79 hp.
A hog is nearby!
Unknown command.
You hit the hog. You freeze the hog.
You feel a bit better.
You kill the hog! 😮 HP[+4]
You regained 4 hp, and now have 43/79 hp.
Things that are here:
a hog corpse; a hog corpse; 😮 HP[+1] Unknown command.
Your primal bloodlust is almost over.
Your primal bloodlust has ended.
There is an open door, spattered with blood here.
Things that are here:
a +0 hand axe; a +0 animal skin
There is an open door, spattered with blood here.
Things that are here:
a +0 hand axe; a +0 animal skin
Things that are here:
a hog corpse; a hog corpse Key pressed, stopping explore.
Things that are here:
a +0 whip; a +0 chain mail Key pressed, stopping explore.
Unknown command.
Key pressed, stopping explore.
Unknown command. 😎 HP[+35] MP[+1]
Your hp is fully restored (79).
Your mp is fully restored (23).
Key pressed, stopping explore.
Search for what [Enter for "chei", or ? for help]? art Done exploring.
Unknown command.
Done exploring.
Done exploring.
Unknown command.
There is a stone staircase leading down here.
You climb downwards.
There is a stone staircase leading up here.
Unknown command.
There are monsters nearby!
There are monsters nearby!
You climb upwards.
There is a stone staircase leading down here.
There is a stone staircase leading down here.
You climb downwards.
Level annotation: 1 runed translucent door, Tollund's ghost, amateur OpTm
There is a stone staircase leading up here.
Unknown command.
Unknown command.
There is a stone staircase leading up here.
Unknown command.
You throw a boomerang. The boomerang hits the two-headed ogre!
The two-headed ogre shouts in stereo!
Unknown command.
You throw a boomerang. The boomerang hits the two-headed ogre.
You throw a boomerang. The boomerang hits the two-headed ogre!
You throw a boomerang. The boomerang hits the two-headed ogre.
You throw a boomerang.
The boomerang closely misses the two-headed ogre.
You throw a boomerang.
The boomerang barely misses the two-headed ogre.
You slash the two-headed ogre! You freeze the two-headed ogre.
The two-headed ogre closely misses you.
The two-headed ogre hits you with a +0 giant club! 😕 HP[-17]
You take 17 damage, and now have 62/79 hp.
MASSIVE DAMAGE!! (PAUSE)
You slash the two-headed ogre! You freeze the two-headed ogre.
The two-headed ogre hits you with a +0 giant spiked club!!
The two-headed ogre misses you. 😮 HP[-18]
You take 18 damage, and now have 44/79 hp.
MASSIVE DAMAGE!! (PAUSE)
You barely miss the two-headed ogre. 😮 HP[+1]
You hit the two-headed ogre. You freeze the two-headed ogre.
The two-headed ogre hits you with a +0 giant spiked club!!
* * * LOW HITPOINT WARNING * * *
The two-headed ogre hits you with a +0 giant club.
* * * LOW HITPOINT WARNING * * *
😨 HP[-23]
You take 23 damage, and now have 22/79 hp.
MASSIVE DAMAGE!! (PAUSE)
You hit the two-headed ogre. You freeze the two-headed ogre.
The two-headed ogre hits you with a +0 giant spiked club!!
You die...

Skill      XL: |  1  2  3  4  5  6  7  8  9 10 |
---------------+-------------------------------+-----
Spellcasting   | 5 6 7 |  7.3
Invocations    | 1 2 3 4 5 |  5.8
Short Blades   | 1 2 3 4 5 |  5.2
Long Blades    | 1 2 3 4 5 |  5.2
Maces & Flails | 1 2 3 4 5 |  5.2
Polearms       | 1 2 3 4 5 |  5.2
Staves         | 1 2 3 4 5 |  5.2
Ranged Weapons | 1 2 3 4 5 |  5.2
Stealth        | 1 2 3 4 5 |  5.2
Shields        | 1 2 3 4 5 |  5.2
Unarmed Combat | 1 2 3 4 5 |  5.2
Evocations     | 1 2 3 4 5 |  5.2
Conjurations   | 1 2 3 4 |  4.3
Hexes          | 1 2 3 4 |  4.3
Summonings     | 1 2 3 4 |  4.3
Necromancy     | 1 2 3 4 |  4.3
Transmutations | 1 2 3 4 |  4.3
Fire Magic     | 1 2 3 4 |  4.3
Ice Magic      | 1 2 3 4 |  4.3
Air Magic      | 1 2 3 4 |  4.3
Earth Magic    | 1 2 3 4 |  4.3
Poison Magic   | 1 2 3 4 |  4.3
Throwing       | 3 4 5 |  5.9
Armour         | 3 4 5 |  5.9
Fighting       | 5 6 7 |  7.1
Axes           | 5 6 7 |  7.1
Dodging        | 5 6 7 |  7.1
Translocations | 6 7 |  7.1

Action                   |  1- 3 |  4- 6 |  7- 9 | 10-12 || total
-------------------------+-------+-------+-------+-------++-------
Melee: Hand axe          |   112 |   183 |   393 |    41 ||   729
       Bite              |    10 |    17 |    32 |     7 ||    66
       Punch             |     2 |     3 |    10 |       ||    15
       Kick              |       |    22 |    81 |     8 ||   111
       Headbutt          |       |    16 |    42 |     2 ||    60
Throw: Boomerang         |       |       |       |     6 ||     6
 Cast: Beastly Appendage |       |    24 |    45 |     1 ||    70
       Blink             |       |     1 |     1 |       ||     2
       Wereblood         |       |     1 |     3 |     1 ||     5
Evoke: Wand              |       |       |     1 |       ||     1
  Use: Scroll            |     2 |     6 |     9 |       ||    17
       Potion            |       |     3 |     4 |     1 ||     8
 Stab: Sleeping          |       |     3 |     6 |       ||     9
       Invisible         |       |       |     1 |       ||     1
Armor: Leather armour    |    41 |    43 |   105 |     8 ||   197
Dodge: Dodged            |    85 |   103 |   271 |    26 ||   485

Levels and vault maps discovered:
D:1:      ncdulo_watergridlock, layout_loops_corners,
          shapermc_ecumenical_altar_starsandcircs, minmay_box_of_dots
D:2:      kennysheep_six_static_rooms, layout_loops_ring, serial_rivers,
          chequers_serial_rivers_micro_c, chequers_serial_rivers_large_a,
          chequers_serial_rivers_micro_d, chequers_serial_rivers_room_b,
          corner_web_ring, grunt_decor_junction, minivault_25, uniq_robin
D:3:      layout_basic, nicolae_uskayaw_en_pointe, uniq_natasha, uniq_ijyb
D:4:      layout_basic, fedhas_altar_2, minmay_bent
D:5:      old_forge, layout_basic, nicolae_gozag_seed_capital, temple_statues,
          uniq_eustachio
D:6:      layout_cave_pools, lemuel_round_altar, doesnt_xom_only_xom,
          yredelemnul_altar_generic, serial_demonic, serial_demonic_g,
          serial_demonic_e, serial_demonic_a, serial_demonic_d,
          serial_demonic_f, serial_demonic_c, serial_demonic_b,
          serial_demonic_b, serial_demonic_g, serial_demonic_b
D:7:      layout_rooms, amcnicky_altar_gilded, nicolae_sif_muna_condensation,
          enter_ossuary_2, grunt_livestock
D:8:      layout_basic, tso_oasis_becter, kennysheep_mini, slow_altar_1,
          david_lair_generic, gammafunk_ghost_grave
Temple:   jpeg_temple_alley_garden

Notes
Turn   | Place    | Note
-------+----------+-------------------------------------------
     0 | D:1      | ytrimaz the Gnoll Warper began the quest for the Orb.
     0 | D:1      | Reached XP level 1. HP: 20/20 MP: 6/6
     0 | D:1      | magus.rc [v1.9.6]
   124 | D:1      | Reached XP level 2. HP: 26/26 MP: 7/7
   192 | D:1      | You pick up a book of Party Tricks and begin reading...
   192 | D:1      | You add the spells Apportation and Alistair's Intoxication
                  | to your library.
   241 | D:1      | Learned a level 2 spell: Blink
   370 | D:1      | Found a faded altar of an unknown god.
   405 | D:1      | You add the spells Sting, Poisonous Vapours and Olgreb's
                  | Toxic Radiance to your library.
   655 | D:1      | You pick up a book of Weapons and begin reading...
   655 | D:1      | You add the spells Tukima's Dance, Portal Projectile and
                  | Blade Hands to your library.
   664 | D:1      | Reached skill level 5 in Spellcasting
   664 | D:1      | Reached XP level 3. HP: 28/31 MP: 7/9
  1051 | D:2      | Reached skill level 1 in Invocations
  1055 | D:2      | You pick up a book of Changes and begin reading...
  1055 | D:2      | You add the spells Beastly Appendage, Wereblood and Spider
                  | Form to your library.
  1104 | D:2      | Reached skill level 1 in Short Blades
  1104 | D:2      | Reached skill level 1 in Long Blades
  1104 | D:2      | Reached skill level 1 in Maces & Flails
  1104 | D:2      | Reached skill level 1 in Polearms
  1104 | D:2      | Reached skill level 1 in Staves
  1104 | D:2      | Reached skill level 1 in Ranged Weapons
  1104 | D:2      | Reached skill level 1 in Stealth
  1104 | D:2      | Reached skill level 1 in Shields
  1104 | D:2      | Reached skill level 1 in Unarmed Combat
  1104 | D:2      | Reached skill level 1 in Evocations
  1121 | D:2      | Noticed Robin
  1130 | D:2      | Killed Robin
  1131 | D:2      | Reached XP level 4. HP: 30/38 MP: 11/11
  1158 | D:2      | Reached skill level 1 in Conjurations
  1158 | D:2      | Reached skill level 1 in Hexes
  1158 | D:2      | Reached skill level 1 in Summonings
  1158 | D:2      | Reached skill level 1 in Necromancy
  1158 | D:2      | Reached skill level 1 in Transmutations
  1158 | D:2      | Reached skill level 1 in Fire Magic
  1158 | D:2      | Reached skill level 1 in Ice Magic
  1158 | D:2      | Reached skill level 1 in Air Magic
  1158 | D:2      | Reached skill level 1 in Earth Magic
  1158 | D:2      | Reached skill level 1 in Poison Magic
  1225 | D:2      | Learned a level 1 spell: Beastly Appendage
  1270 | D:2      | You pick up a book of Burglary and begin reading...
  1270 | D:2      | You add the spells Passwall, Ensorcelled Hibernation and
                  | Swiftness to your library.
  1619 | D:2      | Reached XP level 5. HP: 30/43 MP: 10/12
  2101 | D:2      | Reached skill level 3 in Throwing
  2101 | D:2      | Reached skill level 3 in Armour
  2408 | D:3      | HP: 7/43 [orc priest/divine providence (11)]
  2562 | D:3      | Learned a level 2 spell: Wereblood
  2567 | D:3      | Noticed Ijyb
  2582 | D:3      | Killed Ijyb
  2583 | D:3      | Reached skill level 2 in Invocations
  2701 | D:3      | Reached XP level 6. HP: 50/50 MP: 11/13
  2703 | D:3      | Noticed Natasha
  2712 | D:3      | Killed Natasha
  2716 | D:3      | Noticed Natasha
  2722 | D:3      | Killed Natasha
  2723 | D:3      | Reached skill level 5 in Fighting
  2723 | D:3      | Reached skill level 2 in Short Blades
  2723 | D:3      | Reached skill level 2 in Long Blades
  2723 | D:3      | Reached skill level 5 in Axes
  2723 | D:3      | Reached skill level 2 in Maces & Flails
  2723 | D:3      | Reached skill level 2 in Polearms
  2723 | D:3      | Reached skill level 2 in Staves
  2723 | D:3      | Reached skill level 2 in Ranged Weapons
  2723 | D:3      | Reached skill level 5 in Dodging
  2723 | D:3      | Reached skill level 2 in Stealth
  2723 | D:3      | Reached skill level 2 in Shields
  2723 | D:3      | Reached skill level 2 in Unarmed Combat
  2723 | D:3      | Reached skill level 2 in Evocations
  2730 | D:3      | Noticed a +0 spear
  2730 | D:3      | Noticed a +0 spear
  2730 | D:3      | Noticed a +0 falchion
  2735 | D:3      | Noticed a +0 dagger
  2737 | D:3      | Noticed a +0 falchion
  2768 | D:3      | Noticed Natasha
  2782 | D:3      | Killed Natasha
  2831 | D:3      | Noticed a +0 short sword
  2831 | D:3      | Noticed a +0 dagger
  2832 | D:3      | Noticed a +0 short sword
  2845 | D:3      | Found a hide-covered altar of Uskayaw.
  2866 | D:3      | You pick up a book of Spatial Translocations and begin
                  | reading...
  3018 | D:4      | Noticed a water moccasin
  3027 | D:4      | Killed a water moccasin
  3030 | D:4      | HP: 12/51 [poisoned by a water moccasin]
  3035 | D:4      | HP: 12/51 [poisoned by a water moccasin]
  3191 | D:4      | Reached XP level 7. HP: 55/56 MP: 15/15
  3277 | D:4      | You pick up a book of Vapours and begin reading...
  3382 | D:4      | Reached skill level 2 in Conjurations
  3382 | D:4      | Reached skill level 2 in Hexes
  3382 | D:4      | Reached skill level 2 in Summonings
  3382 | D:4      | Reached skill level 2 in Necromancy
  3382 | D:4      | Reached skill level 2 in Transmutations
  3382 | D:4      | Reached skill level 2 in Fire Magic
  3382 | D:4      | Reached skill level 2 in Ice Magic
  3382 | D:4      | Reached skill level 2 in Air Magic
  3382 | D:4      | Reached skill level 2 in Earth Magic
  3382 | D:4      | Reached skill level 2 in Poison Magic
  3435 | D:4      | Found a blossoming altar of Fedhas.
  3575 | D:4      | Reached skill level 3 in Invocations
  4154 | D:5      | Entered Level 5 of the Dungeon
  4154 | D:5      | Found an opulent altar of Gozag.
  4243 | D:5      | Reached skill level 6 in Translocations
  4248 | D:5      | Reached skill level 3 in Short Blades
  4248 | D:5      | Reached skill level 3 in Long Blades
  4248 | D:5      | Reached skill level 3 in Maces & Flails
  4248 | D:5      | Reached skill level 3 in Polearms
  4248 | D:5      | Reached skill level 3 in Staves
  4248 | D:5      | Reached skill level 3 in Ranged Weapons
  4248 | D:5      | Reached skill level 4 in Throwing
  4248 | D:5      | Reached skill level 4 in Armour
  4248 | D:5      | Reached skill level 3 in Stealth
  4248 | D:5      | Reached skill level 3 in Shields
  4248 | D:5      | Reached skill level 3 in Unarmed Combat
  4248 | D:5      | Reached skill level 3 in Evocations
  4248 | D:5      | Reached XP level 8. HP: 40/63 MP: 16/16
  4273 | D:5      | Noticed Eustachio
  4302 | D:5      | Reached skill level 6 in Spellcasting
  4310 | D:5      | Killed Eustachio
  4547 | D:5      | Noticed a two-headed ogre
  4553 | D:5      | Gained mutation: You expend magic power (3 MP) to
                  | strengthen your wands. [potion of mutation]
  4553 | D:5      | Gained mutation: You have sharp fingernails. [potion of
                  | mutation]
  4553 | D:5      | Gained mutation: You have an increased reservoir of magic.
                  | (+10% MP) [potion of mutation]
  4553 | D:5      | Gained mutation: You passively map a small area around you.
                  | [potion of mutation]
  4562 | D:5      | Killed a two-headed ogre
  4563 | D:5      | Reached skill level 6 in Fighting
  4563 | D:5      | Reached skill level 4 in Short Blades
  4563 | D:5      | Reached skill level 4 in Long Blades
  4563 | D:5      | Reached skill level 6 in Axes
  4563 | D:5      | Reached skill level 4 in Maces & Flails
  4563 | D:5      | Reached skill level 4 in Polearms
  4563 | D:5      | Reached skill level 4 in Staves
  4563 | D:5      | Reached skill level 4 in Ranged Weapons
  4563 | D:5      | Reached skill level 6 in Dodging
  4563 | D:5      | Reached skill level 4 in Stealth
  4563 | D:5      | Reached skill level 4 in Shields
  4563 | D:5      | Reached skill level 4 in Unarmed Combat
  4563 | D:5      | Reached skill level 3 in Conjurations
  4563 | D:5      | Reached skill level 3 in Hexes
  4563 | D:5      | Reached skill level 3 in Summonings
  4563 | D:5      | Reached skill level 3 in Necromancy
  4563 | D:5      | Reached skill level 3 in Transmutations
  4563 | D:5      | Reached skill level 3 in Fire Magic
  4563 | D:5      | Reached skill level 3 in Ice Magic
  4563 | D:5      | Reached skill level 3 in Air Magic
  4563 | D:5      | Reached skill level 3 in Earth Magic
  4563 | D:5      | Reached skill level 3 in Poison Magic
  4563 | D:5      | Reached skill level 4 in Invocations
  4563 | D:5      | Reached skill level 4 in Evocations
  4563 | D:5      | Reached XP level 9. HP: 47/69 MP: 13/20
  4679 | D:5      | Reached skill level 5 in Throwing
  4679 | D:5      | Reached skill level 5 in Armour
  4707 | D:5      | You pick up a book of Scorching and begin reading...
  4707 | D:5      | You add the spells Scorch, Flame Wave and Summon Cactus
                  | Giant to your library.
  4743 | D:5      | You pick up a book of Decay and begin reading...
  4743 | D:5      | You add the spells Dispel Undead and Death Channel to your
                  | library.
  4783 | D:5      | You fall into a shaft and drop 1 floor!
  4793 | D:6      | Found a basalt altar of Yredelemnul.
  4864 | D:6      | Identified the +6 sling of the Orcish Mines {freeze, rPois}
  4943 | D:5      | Identified the +1 chain mail "Nigosuri" {Int+3}
  5405 | D:5      | Found a staircase to the Ecumenical Temple.
  5413 | Temple   | Entered the Ecumenical Temple
  5907 | D:6      | Reached skill level 5 in Invocations
  5995 | D:6      | Found a white marble altar of Elyvilon.
  6104 | D:6      | Found an opulent altar of Gozag.
  6106 | D:6      | Found a shimmering altar of Xom.
  6106 | D:6      | Found a glowing silver altar of Zin.
  6108 | D:6      | Found an ancient bone altar of Kikubaaqudgha.
  6108 | D:6      | Found an ornate altar of the Wu Jian Council.
  6108 | D:6      | Found a shimmering blue altar of Sif Muna.
  6380 | D:7      | Found a broken altar of Ashenzari.
  6395 | D:7      | Reached skill level 7 in Spellcasting
  6414 | D:7      | Found a sand-covered staircase.
  6419 | Ossuary  | Entered an ossuary
  6456 | Ossuary  | Reached skill level 4 in Conjurations
  6456 | Ossuary  | Reached skill level 4 in Hexes
  6456 | Ossuary  | Reached skill level 4 in Summonings
  6456 | Ossuary  | Reached skill level 4 in Necromancy
  6456 | Ossuary  | Reached skill level 4 in Transmutations
  6456 | Ossuary  | Reached skill level 4 in Fire Magic
  6456 | Ossuary  | Reached skill level 4 in Ice Magic
  6456 | Ossuary  | Reached skill level 4 in Air Magic
  6456 | Ossuary  | Reached skill level 4 in Earth Magic
  6456 | Ossuary  | Reached skill level 4 in Poison Magic
  6855 | D:7      | Found a shimmering blue altar of Sif Muna.
  7023 | D:7      | Reached skill level 5 in Short Blades
  7023 | D:7      | Reached skill level 5 in Long Blades
  7023 | D:7      | Reached skill level 5 in Maces & Flails
  7023 | D:7      | Reached skill level 5 in Polearms
  7023 | D:7      | Reached skill level 5 in Staves
  7023 | D:7      | Reached skill level 5 in Ranged Weapons
  7023 | D:7      | Reached skill level 5 in Stealth
  7023 | D:7      | Reached skill level 5 in Shields
  7023 | D:7      | Reached skill level 5 in Unarmed Combat
  7023 | D:7      | Reached skill level 5 in Evocations
  7023 | D:7      | Reached XP level 10. HP: 69/77 MP: 22/22
  7059 | D:7      | Reached skill level 7 in Translocations
  7064 | D:7      | HP: 19/77 [hog (6)]
  7077 | D:7      | Reached skill level 7 in Fighting
  7077 | D:7      | Reached skill level 7 in Axes
  7077 | D:7      | Reached skill level 7 in Dodging
  7223 | D:8      | Noticed Tollund's ghost (amateur OpTm)
  7223 | D:8      | Noticed a two-headed ogre
  7223 | D:8      | Found a runed translucent door.
  7251 | D:8      | Mangled by a two-headed ogre

Vanquished Creatures
  A two-headed ogre (D:5)
  4 hogs (D:7)
  A human (D:7)
  Eustachio (D:5)
  2 water moccasins
  An orc warrior (D:7)
  3 ogres
  2 phantoms (D:6)
  2 elf zombies (Ossuary)
  A bullfrog (D:7)
  9 scorpions
  2 necrophages (D:6)
  A quasit (D:6)
  3 jellies
  4 orc priests
  2 hounds
  7 iguanas
  Ijyb (D:3)
  Natasha (thrice) (D:3)
  An orc wizard (D:2)
  3 mummies (Ossuary)
  Robin (D:2)
  16 adders
  6 shadow imps (D:6)
  3 white imps (D:6)
  3 ufetubi (D:6)
  3 adder zombies (Ossuary)
  2 worms (D:2)
  6 dart slugs
  13 orcs
  7 ball pythons
  8 bats
  7 endoplasms
  8 giant cockroaches
  2 gnoll zombies (Ossuary)
  22 goblins
  6 hobgoblins
  11 jackals
  3 quokkas
  5 frilled lizards
  3 goblin zombies (Ossuary)
  A hobgoblin zombie (Ossuary)
  3 kobolds
  3 kobold zombies (Ossuary)
  A quokka zombie (Ossuary)
  4 rats
  3 rat zombies (Ossuary)
204 creatures vanquished.

Vanquished Creatures (others)
  A demonic plant (D:6)
  3 plants (D:5)
4 creatures vanquished.

Grand Total: 208 creatures vanquished

Table legend:
 A = Non-vault XP
 B = Vault XP
 C = Vault XP percentage of total XP
 D = Non-vault monster count
 E = Vault monster count
 F = Vault count percentage of total count
                 A         B        C        D         E       F
            +---------+---------+-------+---------+---------+-------
      Total |    3289 |    2416 |  42.3 |     123 |      81 |  39.7
            +---------+---------+-------+---------+---------+-------
        D:1 |      43 |       4 |   8.5 |      23 |       2 |   8.0
        D:2 |     118 |      58 |  33.0 |      21 |      17 |  44.7
        D:3 |     148 |      71 |  32.4 |      20 |       2 |   9.1
        D:4 |     314 |     180 |  36.4 |      17 |       7 |  29.2
        D:5 |    1508 |     675 |  30.9 |      16 |      16 |  50.0
        D:6 |     627 |     149 |  19.2 |      15 |      11 |  42.3
        D:7 |     531 |    1000 |  65.3 |      11 |       5 |  31.2
    Ossuary |       0 |     279 | 100.0 |       0 |      21 | 100.0
            +---------+---------+-------+---------+---------+-------

Illustrated notes

Table legend:
 A = Kills in this place as a percentage of kills in entire the game.
 B = Kills by you in this place as a percentage of kills by you in the entire game.
 C = Kills by friends in this place as a percentage of kills by friends in the entire game.
 D = Other kills in this place as a percentage of other kills in the entire game.
 E = Experience gained in this place as a percentage of experience gained in the entire game.
 F = Experience gained in this place divided by the number of levels of this place that you have seen.
                   A       B       C       D       E      F
               +-------+-------+-------+-------+-------+----------------------
         Total | 100.0 | 100.0 |   N/A |   N/A | 100.0 | 570.5
       Dungeon |  89.7 |  89.7 |   N/A |   N/A |  95.1 | 678.2
       Ossuary |  10.3 |  10.3 |   N/A |   N/A |   4.9 | 279.0
               +-------+-------+-------+-------+-------+----------------------

Table legend: (Time is in decaauts)
 A = Elapsed time spent in this place.
 B = Non-inter-level travel time spent in this place.
 C = Inter-level travel time spent in this place.
 D = Time resting spent in this place.
 E = Time spent auto-exploring this place.
 F = Levels seen in this place.
 G = Mean time per level.
                   A        B        C        D        E       F      G
               +--------+--------+--------+--------+--------+-----+--------+
         Total |   7244 |   6963 |    281 |    292 |   4794 |  10 |  724.4 |
       Dungeon |   6798 |   6566 |    232 |    292 |   4566 |   8 |  849.8 |
        Temple |    267 |    218 |     49 |      0 |    208 |   1 |  267.0 |
       Ossuary |    178 |    178 |      0 |      0 |     20 |   1 |  178.0 |
               +--------+--------+--------+--------+--------+-----+--------+

Top non-repeatable levels by time:
     D:2: 1399 daAuts
     D:5: 1208 daAuts
     D:4: 1137 daAuts
     D:1: 1056 daAuts
     D:7: 734 daAuts
     D:6: 684 daAuts
     D:3: 562 daAuts
  Temple: 267 daAuts
 Ossuary: 178 daAuts
     D:8: 15 daAuts
